 Dungeon Crawl Stone Soup version 0.26-a0-712-ga5a9c9c9d0 (webtiles) character file.

Game seed: 9929786775197177300

901 Azzok the Cleaver (level 7, -13/52 HPs)
             Began as a Demonspawn Berserker on Nov 5, 2020.
             Was a Priest of Trog.
             Mangled by an ogre
             ... wielding a +0 giant club
              (16 damage)
             ... on level 5 of the Dungeon.
             The game lasted 00:04:31 (4118 turns).

Azzok the Cleaver (Demonspawn Berserker)            Turns: 4118, Time: 00:04:32

Health: -13/52     AC:  8    Str: 19    XL:     7   Next: 80%
Magic:  0/7        EV: 10    Int:  8    God:    Trog [***...]
Gold:   159        SH:  0    Dex: 13    Spells: 6/6 levels left

rFire    . . .     SeeInvis .   n - +2 scythe (venom)
rCold    . . .     Faith    .   (shield currently unavailable)
rNeg     . . .     Spirit   +   l - +0 scale mail
rPois    .         Reflect  .   f - +0 helmet (curse)
rElec    .         Harm     .   (no cloak)
rCorr    .         Rampage  .   h - +0 pair of gloves (curse)
MR       .....                  (no boots)
Stlth    ..........             (no amulet)
HPRegen  0.17/turn              (no ring)
MPRegen  0.20/turn              (no ring)

@: no status effects
A: magic shield, magic regeneration, magic link
a: Berserk, Trog's Hand, Renounce Religion


You were on level 5 of the Dungeon.
You worshipped Trog.
Trog was most pleased with you.
You visited 1 branch of the dungeon, and saw 5 of its levels.

You collected 159 gold pieces.

Inventory:

Hand Weapons
 a - a +0 hand axe
 n - a +2 scythe of venom (weapon)
Missiles
 k - a throwing net (quivered)
Armour
 f - a cursed +0 helmet (worn)
 h - a cursed +0 pair of gloves (worn)
 l - a +0 scale mail (worn)
Wands
 m - a wand of digging (3)
Scrolls
 d - 2 scrolls of teleportation {unknown}
 i - 8 scrolls of identify {unknown}
 j - 2 scrolls of enchant weapon {unknown}
 o - 3 scrolls of enchant armour {unknown}
 p - a scroll of remove curse {unknown}
 r - a scroll of random uselessness {unknown}
 s - a scroll of immolation {unknown}
 u - a scroll of fear {unknown}
 v - 2 scrolls of amnesia {unknown}
Potions
 b - 2 potions of heal wounds {unknown}
 c - 3 potions of flight {unknown}
 e - 2 potions of resistance {unknown}
 g - 3 potions of curing {unknown}
 q - a potion of degeneration {unknown}
 t - a potion of haste {unknown}
 w - a potion of cancellation {unknown}
 x - a potion of might {unknown}


   Skills:
 - Level 3.0 Fighting
 + Level 8.7 Axes
 - Level 1.7 Armour
 - Level 1.7 Dodging


You had 6 spell levels left.
You didn't know any spells.
Your spell library was empty.

Dungeon Overview and Level Annotations

Branches:
Dungeon (5/15)             Temple (0/1) D:4

Altars:
Makhleb
Nemelex Xobeh
Trog
Uskayaw
Wu Jian

Shops:
D:4 :


Innate Abilities, Weirdness & Mutations

When hurt, damage is shared between your health and your magic reserves.
You regenerate magic rapidly.
When low on magic, you restore magic in place of health.


Message History

You kill the iguana!
Trog accepts your kill.
You see here an iguana corpse.
An ogre comes into view. It is wielding a +0 giant club.
The ogre shouts!
An ogre is nearby!
The ogre hits you with a +0 giant club!!
Found 14 poisoned darts.
You hit the ogre.
The ogre is poisoned.
The ogre is lightly wounded.
The ogre hits you with a +0 giant club!!
You slash the ogre!
The ogre looks as sick as possible!
The ogre is severely wounded.
The ogre hits you with a +0 giant club!!
* * * LOW MAGIC WARNING * * *;
* * * LOW HITPOINT WARNING * * *
You hit the ogre.
The ogre looks as sick as possible!
The ogre is severely wounded.
The ogre hits you with a +0 giant club!!
* * * LOW MAGIC WARNING * * *
You die...

▒·▒········▒
▒·▒▒·······▒
▒†▒▒▒···▒··▒
▒·▒ ▒▒·▒▒··▒▒▒
▒·▒ ▒·······▒
▒·▒
▒·▒▒··▒·▒▒▒▒·▒
▒·▒
▒·▒▒··········
▒·▒
▒·······▒▒▒▒·
▒·▒ ▒··▒▒▒@·▒
▒·······
▒O·······
·····▒
▒··▒▒··(· ▒▒▒·
···▒ ▒·▒ ▒
▒▒·▒ ▒ ·▒ ··
··


You could see an ogre (extremely poisoned).

Vanquished Creatures
  Sigmund (D:2)
  Purgy (D:3)
  An ogre (D:4)
  A scorpion (D:5)
  A jelly (D:5)
  A hound (D:5)
  4 orc priests
  3 orc wizards
  A bullfrog skeleton (D:4)
  3 iguanas
  A worker ant (D:4)
  A hound zombie (D:5)
  2 adders
  An ooze (D:2)
  An adder skeleton (D:4)
  4 worms
  A dart slug (D:2)
  A leopard gecko (D:2)
  13 orcs
  3 bats
  2 giant cockroaches
  8 goblins
  7 hobgoblins
  2 quokkas
  A ball python (D:2)
  5 frilled lizards
  5 kobolds
  12 rats
87 creatures vanquished.

Notes
Turn   | Place    | Note
-------+----------+-------------------------------------------
     0 | D:1      | Azzok the Demonspawn Berserker began the quest for the Orb.
     0 | D:1      | Reached XP level 1. HP: 18/18 MP: 1/1
    94 | D:1      | Reached skill level 3 in Axes
   149 | D:1      | Gained mutation: When hurt, damage is shared between your
                  | health and your magic reserves. [demonic ancestry]
   149 | D:1      | Reached XP level 2. HP: 24/24 MP: 2/2
  1244 | D:2      | Reached XP level 3. HP: 27/29 MP: 3/3
  1266 | D:2      | Found an ornate altar of the Wu Jian Council.
  1310 | D:2      | Noticed Sigmund
  1318 | D:2      | Reached skill level 4 in Axes
  1320 | D:2      | Reached ** piety under Trog
  1321 | D:2      | Killed Sigmund
  1321 | D:2      | Reached skill level 5 in Axes
  1321 | D:2      | Gained mutation: You regenerate magic rapidly. [demonic
                  | ancestry]
  1321 | D:2      | Reached XP level 4. HP: 31/35 MP: 2/4
  1321 | D:2      | Reached XP level 5. HP: 37/41 MP: 2/5
  1665 | D:2      | Found a burning altar of Makhleb.
  1667 | D:2      | Found a sparkling altar of Nemelex Xobeh.
  1837 | D:3      | Noticed Purgy
  2226 | D:2      | Reached skill level 6 in Axes
  2416 | D:3      | Killed Purgy
  2416 | D:3      | Reached XP level 6. HP: 47/47 MP: 6/6
  2703 | D:3      | Found a hide-covered altar of Uskayaw.
  2915 | D:4      | Reached skill level 7 in Axes
  3008 | D:4      | Gained mutation: When low on magic, you restore magic in
                  | place of health. [demonic ancestry]
  3008 | D:4      | Reached XP level 7. HP: 23/52 MP: 3/7
  3275 | D:4      | Found a staircase to the Ecumenical Temple.
  3461 | D:4      | Found Soywnomp's Book Shoppe.
  3485 | D:4      | Reached *** piety under Trog
  3740 | D:5      | Entered Level 5 of the Dungeon
  3776 | D:5      | Reached skill level 8 in Axes
  3986 | D:5      | Found a bloodstained altar of Trog.
  4118 | D:5      | Mangled by an ogre

Illustrated notes

Levels and vault maps discovered:
D:1:      ncdulo_lavacross, layout_basic
D:2:      layout_rooms, overflow_temple_1_default,
          chequers_temple_overflow_statue_of_worship, uniq_sigmund
D:3:      layout_rooms, nicolae_overflow_hidden_temple, wad_orctagon, uniq_purgy
D:4:      layout_rooms, minmay_temple_entry_statues_fountains, serial_shops,
          shop
D:5:      layout_loops_ring, serial_shops, shop, shop, shop,
          nicolae_shop_waterfront, shop_coins, trog_butcher_becter

Skill      XL: |  1  2  3  4  5  6  7 |
---------------+----------------------+-----
Axes           | 3 5 6 7 8 |  8.7
Fighting       | |  3.0
Armour         | |  1.7
Dodging        | |  1.7

Action                   |  1- 3 |  4- 6 |  7- 9 || total
-------------------------+-------+-------+-------++-------
Melee: Hand axe          |    72 |       |       ||    72
       Scythe            |       |    96 |    54 ||   150
Invok: Berserk           |     2 |     2 |     1 ||     5
 Stab: Sleeping          |     1 |       |       ||     1
Armor: Animal skin       |     9 |       |       ||     9
       Leather armour    |     2 |       |       ||     2
       Scale mail        |     1 |    74 |    32 ||   107
Dodge: Dodged            |    48 |    89 |    23 ||   160

Table legend: (Time is in decaauts)
 A = Elapsed time spent in this place.
 B = Non-inter-level travel time spent in this place.
 C = Inter-level travel time spent in this place.
 D = Time resting spent in this place.
 E = Time spent auto-exploring this place.
 F = Levels seen in this place.
 G = Mean time per level.
                   A        B        C        D        E       F      G
               +--------+--------+--------+--------+--------+-----+--------+
         Total |   4288 |   4222 |     66 |   1191 |   2299 |   5 |  857.6 |
       Dungeon |   4288 |   4222 |     66 |   1191 |   2299 |   5 |  857.6 |
               +--------+--------+--------+--------+--------+-----+--------+

Top non-repeatable levels by time:
     D:2: 1263 daAuts
     D:1: 1085 daAuts
     D:4: 870 daAuts
     D:3: 664 daAuts
     D:5: 403 daAuts
